 Dungeon Sprint DCSS version 0.21.0-24-g2553a33 (webtiles) character file.

1611 letownia2 the Grappler (level 8, -24/84 HPs)
             Began as a Troll Wizard on Jan 19, 2018.
             Was an Initiate of Ru.
             Shot with an arrow by a centaur warrior (27 damage)
             ... in the Dungeon (Sprint I: "Red Sonja").
             The game lasted 00:04:31 (615 turns).

letownia2 the Grappler (Troll Wizard)                Turns: 615, Time: 00:04:32

Health: -24/84     AC:  5    Str: 16    XL:     8   Next: 63%
Magic:  1/12       EV: 10    Int: 16    God:    Ru [......]
Gold:   525        SH:  0    Dex:  8    Spells: 4/13 levels left

rFire    . . .     SeeInvis .     - Unarmed
rCold    . . .     Gourm    +   (no shield)
rNeg     . . .     Faith    .   a - +0 robe
rPois    .         Spirit   .   b - +0 hat
rElec    .         Reflect  .   (no cloak)
rCorr    .         Harm     .   (gloves unavailable)
MR       .....     NoTele   +   (boots unavailable)
Stlth    +.........             (no amulet)
HPRegen  0.64/turn              (no ring)
MPRegen  0.13/turn              (no ring)

@: very slightly contaminated
A: large, unfitting armour, claws 3, fast metabolism 3, gourmand, regeneration
1, shaggy fur 1, tough skin 2
a: Renounce Religion


You were in the Dungeon.
You worshipped Ru.
Ru was noncommittal.
You were not hungry.

You visited 1 branch You collected 525 gold pieces.

Inventory:

Hand Weapons
 m - a +0 blowgun
Missiles
 n - 8 curare-tipped needles
Armour
 a - a +0 robe (worn)
 b - a +0 hat (worn)
Wands
 k - a wand of random effects (11)
Scrolls
 j - a scroll of blinking
Potions
 e - a potion of curing
 f - a potion of heal wounds
 g - a potion of haste
 h - 2 potions of magic
 i - a potion of berserk rage
Books
 c - a book of Minor Magic

   Spells                             Type                      Level
   a - Magic Dart                     Conjuration                  1
   b - Blink                          Translocation                2
   c - Call Imp                       Summoning                    2
   d - Slow                           Hexes                        2
   e - Conjure Flame                  Conjuration/Fire             3
   f - Mephitic Cloud                 Conjuration/Poison/Air       3
Comestibles
 d - 2 rations


   Skills:
 + Level 6.8 Fighting
 - Level 3.3 Dodging
 - Level 1.0 Stealth
 * Level 13.4 Unarmed Combat
 - Level 3.4 Spellcasting
 - Level 4.5 Conjurations
   Level 0.6 Summonings
 - Level 2.3 Translocations
 - Level 2.6 Fire Magic
 - Level 2.1 Air Magic
 - Level 2.1 Poison Magic


You had 4 spell levels left.
You knew the following spells:

 Your Spells              Type           Power        Failure   Level  Hunger
a - Magic Dart            Conj           ###.         2%          1    None
b - Blink                 Tloc           N/A          10%         2    ##.....
c - Conjure Flame         Conj/Fire      ##......     12%         3    ###....
e - Mephitic Cloud        Conj/Pois/Air  ##......     16%         3    ###....


Dungeon Overview and Level Annotations

Branches:
Dungeon (1/1)

Altars:
Cheibriados
Dithmenos
Elyvilon
Fedhas
Gozag
Hepliaklqana
Kikubaaqudgha
Makhleb
Nemelex Xobeh
Okawaru
Qazlal
Ru
Sif Muna
Trog
Uskayaw
Vehumet
Wu Jian
Xom
Yredelemnul
Zin
The Shining One
Jiyva
Lugonu

Shops:
D [


Innate Abilities, Weirdness & Mutations

You are too large for most types of armour.
You have claws for hands.
Your metabolism is lightning-fast.
You like to eat raw meat.
Your natural rate of healing is unusually fast.
You are covered in fur. (AC +1)
You have very tough skin. (AC +2)


Message History

Unknown command.
Unknown command.
Okay, then.
Casting: Mephitic Cloud
Confirm with . or Enter, or press ? or * to list all spells.
Aiming: Mephitic Cloud
Press: ? - help, Shift-Dir - straight line, f/p - centaur warrior
Aim: a centaur warrior (confused) That beam is likely to hit you.
Continue anyway?
The ball explodes into a vile cloud!
The stinking cloud engulfs the centaur warrior.
The centaur warrior is heavily wounded.
The stinking cloud engulfs you!
You are engulfed in noxious fumes.
* * * LOW HITPOINT WARNING * * *
The centaur warrior seems less confused.
The centaur warrior is engulfed in noxious fumes.
The centaur warrior appears confused.
The centaur warrior wields an uncursed shortbow.
The centaur warrior shoots an arrow.
The arrow hits you!!
You die...

##########################
#<.#.)').#..(c§#__#..+..s#
#..'..#..').#@§§..+..#...##+#
#..#####'#####'#_c####..ss..#
#..####..#...#)#### #####..+
#..#__####..##§# '##
#..#_____##'#_.'§§§§ ..
#⌠⌠#_.∩...'..._#≈§§§c# .§.
####_..__##_.#+##+#### #§§.
#_____###'# ... #########.##
.§#


You could see 2 centaur warriors.

Vanquished Creatures
  Sonja (D)
  A demonic crawler (D)
  A slime creature (D)
  Sigmund (D)
  A yak (D)
  A floating eye (D)
  An ogre (D)
  A jelly (D)
  Ijyb (D)
9 creatures vanquished.

Vanquished Creatures (others)
  A gargoyle (D)
  2 kobold demonologists (D)
3 creatures vanquished.

Grand Total: 12 creatures vanquished

Notes
Turn   | Place    | Note
-------+----------+-------------------------------------------
     0 | D        | letownia2 the Troll Wizard began the quest for the Orb.
     0 | D        | Reached XP level 1. HP: 16/16 MP: 2/2
     2 | D        | Noticed Ijyb
    45 | D        | Killed Ijyb
    45 | D        | Reached skill level 5 in Unarmed Combat
    45 | D        | Reached XP level 2. HP: 13/24 MP: 4/4
    51 | D        | Learned a level 2 spell: Blink
    67 | D        | Noticed an ogre
    76 | D        | Killed an ogre
    76 | D        | Reached skill level 7 in Unarmed Combat
    76 | D        | Reached XP level 3. HP: 21/31 MP: 5/5
    76 | D        | Reached XP level 4. HP: 26/39 MP: 6/6
    87 | D        | Learned a level 3 spell: Mephitic Cloud
   104 | D        | Noticed Sigmund
   111 | D        | Killed Sigmund
   111 | D        | Reached skill level 8 in Unarmed Combat
   111 | D        | Reached XP level 5. HP: 43/50 MP: 3/7
   124 | D        | Found an ornate altar of the Wu Jian Council.
   124 | D        | Found a deep blue altar of Sif Muna.
   126 | D        | Found a radiant altar of Vehumet.
   130 | D        | Reached XP level 6. HP: 55/59 MP: 5/8
   136 | D        | Learned a level 3 spell: Conjure Flame
   139 | D        | Found Bear's Antique Armour Emporium.
   139 | D        | Found an ancient bone altar of Kikubaaqudgha.
   139 | D        | Found a hazy altar of Hepliaklqana.
   139 | D        | Found a stormy altar of Qazlal.
   139 | D        | Found a hide-covered altar of Uskayaw.
   139 | D        | Found a blossoming altar of Fedhas.
   139 | D        | Found a bloodstained altar of Trog.
   139 | D        | Found an iron altar of Okawaru.
   139 | D        | Found a basalt altar of Yredelemnul.
   139 | D        | Found a glowing golden altar of the Shining One.
   139 | D        | Found a snail-covered altar of Cheibriados.
   139 | D        | Found a sacrificial altar of Ru.
   139 | D        | Found a glowing silver altar of Zin.
   139 | D        | Found a shadowy altar of Dithmenos.
   139 | D        | Found a white marble altar of Elyvilon.
   139 | D        | Noticed a yak
   151 | D        | Killed a yak
   151 | D        | Reached skill level 9 in Unarmed Combat
   152 | D        | Found an opulent altar of Gozag.
   155 | D        | Found a sparkling altar of Nemelex Xobeh.
   160 | D        | Became a worshipper of Ru the Awakened
   209 | D        | Found a burning altar of Makhleb.
   209 | D        | Found a shimmering altar of Xom.
   209 | D        | Noticed a slime creature
   213 | D        | Killed a slime creature
   213 | D        | Reached skill level 10 in Unarmed Combat
   213 | D        | Reached XP level 7. HP: 50/68 MP: 7/11
   224 | D        | Found a viscous altar of Jiyva.
   224 | D        | Found a corrupted altar of Lugonu.
   239 | D        | Noticed a kobold demonologist
   242 | D        | Noticed an orange demon
   242 | D        | Noticed a kobold demonologist
   244 | D        | Noticed a rust devil
   269 | D        | Killed a kobold demonologist
   269 | D        | Reached skill level 11 in Unarmed Combat
   294 | D        | Noticed a demonic crawler
   351 | D        | Noticed Sonja
   360 | D        | Killed Sonja
   360 | D        | Reached skill level 12 in Unarmed Combat
   360 | D        | Reached XP level 8. HP: 19/84 MP: 3/12
   470 | D        | Noticed a demonic crawler
   474 | D        | Killed a kobold demonologist
   481 | D        | Killed a demonic crawler
   481 | D        | Reached skill level 13 in Unarmed Combat
   543 | D        | Noticed a demonic crawler
   543 | D        | Noticed a demonic crawler
   594 | D        | Noticed a centaur warrior
   608 | D        | Noticed a centaur warrior
   613 | D        | Killed a gargoyle
   614 | D        | HP: 4/84 [centaur warrior (2)]
   615 | D        | Shot with an arrow by a centaur warrior

Skill      XL: |  1  2  3  4  5  6  7  8 |
---------------+-------------------------+-----
Unarmed Combat | 5 7 8 10 12 13 | 13.4
Conjurations   | 3 4 |  4.5
Fighting       | 2 3 6 |  6.8
Translocations | 2 |  2.3
Air Magic      | 2 |  2.1
Poison Magic   | 2 |  2.1
Spellcasting   | 3 |  3.4
Fire Magic     | 2 |  2.6
Dodging        | 3 |  3.3
Stealth        | |  1.0
Summonings     | |  0.6

Action                   |  1- 3 |  4- 6 |  7- 9 || total
-------------------------+-------+-------+-------++-------
Melee: Unarmed           |    49 |    22 |    15 ||    86
       Punch             |       |       |     1 ||     1
 Cast: Mephitic Cloud    |       |     1 |     6 ||     7
       Conjure Flame     |       |     1 |     1 ||     2
       Blink             |       |       |     3 ||     3
  Eat: Chunk             |       |     7 |     1 ||     8
Armor: Robe              |    10 |     1 |     1 ||    12
Dodge: Dodged            |    16 |     7 |    15 ||    38
